 Dungeon Crawl Stone Soup version 0.22.1-6-g1668fe2 (webtiles) character file.

62 Fang the Skirmisher (level 4, 0/29 HPs)
             Began as a Gargoyle Berserker on Jan 31, 2019.
             Was a Follower of Trog.
             Slain by a gnoll
             ... wielding a +0 halberd
              (2 damage)
             ... on level 2 of the Dungeon.
             The game lasted 00:01:50 (1043 turns).

Fang the Skirmisher (Gargoyle Berserker)            Turns: 1043, Time: 00:01:51

Health: 0/29       AC: 10    Str: 22    XL:     4   Next: 8%
Magic:  4/4        EV: 10    Int:  7    God:    Trog [*.....]
Gold:   45         SH:  0    Dex:  9    Spells: 3/3 levels left

rFire    . . .     SeeInvis .   a - +0 hand axe
rCold    . . .     Gourm    .   (no shield)
rNeg     + . .     Faith    .   f - +0 scale mail
rPois    ∞         Spirit   .   (no helmet)
rElec    +         Reflect  .   (no cloak)
rCorr    .         Harm     .   (no gloves)
MR       .....                  (no boots)
Stlth    ..........             (no amulet)
HPRegen  0.09/turn              (no ring)
MPRegen  0.09/turn              (no ring)

@: berserk cooldown, slowed, very slow
A: negative energy resistance 1, electricity resistance, unbreathing,
petrification resistance, rot immunity, AC +3
a: Berserk, Renounce Religion


You were on level 2 of the Dungeon.
You worshipped Trog.
Trog was aware of your devotion.
You were very hungry.

You visited 1 branch of the dungeon, and saw 2 of its levels.

You collected 45 gold pieces.

Inventory:

Hand Weapons
 a - a +0 hand axe (weapon)
Armour
 f - a +0 scale mail (worn)
Scrolls
 b - a scroll of remove curse {unknown}
 e - 3 scrolls of teleportation {unknown}
 g - a scroll of amnesia {unknown}
 h - a scroll of blinking {unknown}
Potions
 d - a potion of might {unknown}
 i - a potion of invisibility {unknown}
 j - a potion of curing {unknown}
Comestibles
 c - a ration


   Skills:
 + Level 3.8 Fighting
 + Level 3.7 Axes
 + Level 2.5 Armour
 + Level 1.8 Dodging


You had 3 spell levels left.
You didn't know any spells.
Your spell library was empty.

Dungeon Overview and Level Annotations

Branches:
Dungeon (2/15)

Altars:
Gozag
Okawaru


Innate Abilities, Weirdness & Mutations

You are resistant to torment.
Your stone body is resilient. (AC +3)
You are immune to poison.
You resist negative energy. (rN+)
You are resistant to electric shocks. (rElec)
You can survive without breathing.
You are immune to petrification.
You are immune to rotting.


Message History

You slash the gnoll!
You kill the gnoll!
Trog accepts your kill.
You have reached level 4!
You feel stronger.
You feel a strong urge to attack something.
You start resting.
You are no longer berserk.
You are exhausted.
You feel yourself slow down.
You start resting.
A gnoll comes into view. It is wielding a halberd.
A gnoll is nearby!
You see here a scroll labeled IKLAIM HUNLOPU.
e - 3 scrolls labeled IKLAIM HUNLOPU (gained 1)
The gnoll hits you but does no damage.
The gnoll hits you from afar with a halberd.
* * * LOW HITPOINT WARNING * * *
The gnoll hits you with a halberd.
You die...

### ## #....# #.##.#
#.##.#### ### #.......#
..######.......#
.......#.......#
..#.<..........##########.
................@g)).....>
..#.##....##.###.##.......
..#.##....#...##.# .##.##.
..#.....#.#......# .# #
...##..........#.# .#
.....................
##......#............
####.......##..### .# #
#........#


You could see a gnoll.

Vanquished Creatures
  2 gnolls (D:2)
  An adder (D:2)
  3 dart slugs
  A goblin (D:1)
  3 hobgoblins (D:2)
  2 jackals (D:2)
  2 quokkas (D:2)
  4 bats
  3 frilled lizards
  2 giant cockroaches
  7 kobolds
  A rat (D:1)
31 creatures vanquished.

Notes
Turn   | Place    | Note
-------+----------+-------------------------------------------
     0 | D:1      | Fang the Gargoyle Berserker began the quest for the Orb.
     0 | D:1      | Reached XP level 1. HP: 14/14 MP: 1/1
   230 | D:1      | Reached XP level 2. HP: 18/19 MP: 2/2
   801 | D:2      | Reached * piety under Trog
   834 | D:2      | Reached XP level 3. HP: 23/24 MP: 3/3
   836 | D:2      | Found an iron altar of Okawaru.
   912 | D:2      | Found an opulent altar of Gozag.
  1027 | D:2      | Reached XP level 4. HP: 9/29 MP: 4/4
  1043 | D:2      | Slain by a gnoll

Skill      XL: |  1  2 |
---------------+-------+-----
Axes           | 3 |  3.7
Fighting       | |  3.8
Armour         | |  2.5
Dodging        | |  1.8

Action                   |  1- 3 |  4- 6 || total
-------------------------+-------+-------++-------
Melee: Hand axe          |    85 |       ||    85
Invok: Berserk           |     1 |       ||     1
Armor: Scale mail        |    44 |     1 ||    45
       Animal skin       |     6 |       ||     6
Dodge: Dodged            |    76 |       ||    76
